 Dungeon Crawl Stone Soup version 0.21.1-1-g345015f (webtiles) character file.

1073 dvd the Chiller (level 7, 0/52 HPs)
             Began as a Demigod Ice Elementalist on July 9, 2018.
             Slain by a mummy (12 damage)
             ... in an ossuary.
             The game lasted 00:22:54 (6580 turns).

dvd the Chiller (Demigod Ice Elementalist)          Turns: 6580, Time: 00:22:55

Health: 0/52       AC: 11    Str: 13    XL:     7   Next: 80%
Magic:  16/17      EV: 13    Int: 21    God:
Gold:   279        SH:  0    Dex: 16    Spells: 5/15 levels left

rFire    + . .     SeeInvis .   a - +0 long sword
rCold    + . .     Gourm    .   (no shield)
rNeg     . . .     Faith    .   w - +2 robe {rC+ rF+}
rPois    .         Spirit   .   (no helmet)
rElec    .         Reflect  .   (no cloak)
rCorr    .         Harm     .   (no gloves)
MR       .....                  g - +0 pair of boots
Stlth    ++........             (no amulet)
HPRegen  0.17/turn              (no ring)
MPRegen  0.15/turn              (no ring)

@: icy armour, slow
A: high mp 1
a: no special abilities


You were in an ossuary.
You were not hungry.

You visited 1 branch of the dungeon, and saw 5 of its levels.
You also visited: Ossuary.

You collected 279 gold pieces.

Inventory:

Hand Weapons
 a - a +0 long sword (weapon)
 b - a +2 dagger of freezing
Armour
 g - a +0 pair of boots (worn)
 w - a +2 robe of resistance (worn)
Wands
 d - a wand of digging (19)
Scrolls
 e - 3 scrolls of magic mapping
 f - 4 scrolls of enchant weapon {unknown}
 h - 13 scrolls of identify {unknown}
 j - a scroll of enchant armour {unknown}
 k - 2 scrolls of teleportation
 l - 2 scrolls of remove curse
 m - 2 scrolls of fear {unknown}
 o - a scroll of random uselessness {unknown}
 p - 2 scrolls of immolation {unknown}
 s - a scroll of amnesia {unknown}
 t - a scroll of blinking {unknown}
Potions
 i - 4 potions of might {unknown}
 n - 3 potions of flight {unknown}
 q - a potion of cancellation {unknown}
 u - 2 potions of curing
 v - a potion of brilliance {unknown}
 x - a potion of haste {unknown}
 z - 2 potions of heal wounds {unknown}
 A - 2 potions of magic {unknown}
Books
 r - a book of Frost

   Spells                             Type                      Level
   a - Freeze                         Ice                          1
   b - Throw Frost                    Conjuration/Ice              2
   c - Ozocubu's Armour               Charms/Ice                   3
   d - Throw Icicle                   Conjuration/Ice              4
   e - Summon Ice Beast               Ice/Summoning                4
Comestibles
 c - 6 rations


   Skills:
 + Level 1.1 Fighting
 + Level 0.8(1.9) Short Blades
 + Level 2.7(2.8) Long Blades
   Level 0.3 Maces & Flails
 + Level 3.0 Dodging
 - Level 2.4 Stealth
 * Level 4.7 Spellcasting
 * Level 1.8 Conjurations
 + Level 0.2 Charms
 * Level 5.5 Ice Magic


You had 5 spell levels left.
You knew the following spells:

 Your Spells              Type           Power        Failure   Level  Hunger
a - Freeze                Ice            ####         1%          1    None
b - Throw Frost           Conj/Ice       ###...       3%          2    None
c - Ozocubu's Armour      Chrm/Ice       ###.....     10%         3    ##.....
d - Throw Icicle          Conj/Ice       ###.....     24%         4    ####...


Dungeon Overview and Level Annotations

Branches:
Dungeon (5/15)
 Temple: D:4-7

Shops:
D:5 ?


Innate Abilities, Weirdness & Mutations

You have an increased reservoir of magic. (+10% MP)


Message History

The mummy is heavily damaged.
You hit the mummy.
The mummy is severely damaged.
The mummy hits you.
You hit the mummy but do no damage.
The mummy is severely damaged.
The mummy hits you.
You hit the mummy but do no damage.
The mummy is severely damaged.
The mummy hits you!
* * * LOW HITPOINT WARNING * * *
Unknown command.
You closely miss the mummy.
The mummy is severely damaged.
You feel better. The mummy closely misses you.
Unknown command.
You hit the mummy but do no damage.
The mummy is severely damaged.
The mummy hits you!
You die...

##'## ### ##'## ##.^##
####...###.###...###..##
##.'.....'..^'.....'..##
##..##...######'...#####
# #..####+## ##^##'## #
#.## #..####.###.## ##
#.# ##..##.##
#..#######. ### ##'##
##^.'## ##..'....'.
#∩###...# #M@.#
#####.###. #..'....+
#.##'## ### ### ##
#∩###...# # #...###.###
### ### ##+##
+...'..^..## ##.^
#...#####.^####..# ##+##
##^.##..## ##.'..##
######


You could see a mummy.

Vanquished Creatures
  Sigmund (D:2)
  Menkaure (D:4)
  A phantom (D:3)
  2 scorpions (D:4)
  2 hounds (D:4)
  A centaur skeleton (D:4)
  2 orc priests
  2 orc wizards
  An iguana (D:4)
  A worker ant (D:4)
  11 mummies
  6 gnolls
  4 adders
  An ooze (D:3)
  An adder zombie (D:3)
  A worm (D:3)
  A dart slug (D:1)
  7 leopard geckos
  6 orcs
  9 bats
  6 giant cockroaches
  2 goblins (D:3)
  6 hobgoblins
  7 jackals
  A quokka (D:3)
  2 ball pythons
  7 frilled lizards
  A gnoll skeleton (Ossuary)
  2 goblin skeletons (Ossuary)
  5 kobolds
  4 orc skeletons (Ossuary)
  11 rats
  11 rat skeletons (Ossuary)
126 creatures vanquished.

Notes
Turn   | Place    | Note
-------+----------+-------------------------------------------
     0 | D:1      | dvd the Demigod Ice Elementalist began the quest for the Orb.
     0 | D:1      | Reached XP level 1. HP: 14/14 MP: 5/5
   155 | D:1      | Reached skill level 3 in Ice Magic
   274 | D:1      | Reached XP level 2. HP: 20/20 MP: 5/7
   278 | D:1      | Learned a level 2 spell: Throw Frost
   997 | D:2      | Noticed Sigmund
  1235 | D:3      | Found a hide-covered altar of Uskayaw.
  1320 | D:3      | Reached XP level 3. HP: 13/26 MP: 4/8
  1329 | D:3      | Learned a level 3 spell: Ozocubu's Armour
  2055 | D:3      | Noticed a phantom
  2509 | D:2      | Killed Sigmund
  2509 | D:2      | Reached skill level 1 in Long Blades
  2509 | D:2      | Reached skill level 1 in Conjurations
  2509 | D:2      | Reached skill level 4 in Ice Magic
  2509 | D:2      | Reached XP level 4. HP: 29/34 MP: 0/11
  2509 | D:2      | Reached XP level 5. HP: 33/39 MP: 0/12
  3053 | D:3      | Found a glowing golden altar of the Shining One.
  3669 | D:4      | Noticed Menkaure
  3699 | D:4      | Reached XP level 6. HP: 45/46 MP: 6/13
  3930 | D:3      | Learned a level 4 spell: Throw Icicle
  4354 | D:4      | Found an opulent altar of Gozag.
  4354 | D:4      | Found a bloodstained altar of Trog.
  4457 | D:4      | Reached skill level 5 in Ice Magic
  4558 | D:4      | Reached XP level 7. HP: 42/51 MP: 2/15
  4711 | D:4      | Found a glowing silver altar of Zin.
  4897 | D:4      | Found a shadowy altar of Dithmenos.
  4963 | D:4      | Killed Menkaure
  4963 | D:4      | Reached skill level 1 in Fighting
  5244 | D:4      | Found a blossoming altar of Fedhas.
  5297 | D:5      | Entered Level 5 of the Dungeon
  5330 | D:5      | Found Caug's Magic Scroll Shoppe.
  5357 | D:5      | Found a sand-covered staircase.
  5397 | Ossuary  | Entered an ossuary
  6580 | Ossuary  | Slain by a mummy

Skill      XL: |  1  2  3  4  5  6  7 |
---------------+----------------------+-----
Ice Magic      | 3 4 5 |  5.5
Stealth        | 2 |  2.4
Spellcasting   | 2 3 4 |  4.7
Long Blades    | 1 2 |  2.7
Dodging        | 2 3 |  3.0
Conjurations   | 1 |  1.8
Fighting       | 1 |  1.1
Short Blades   | |  0.8
Maces & Flails | |  0.3
Charms         | |  0.2

Action                   |  1- 3 |  4- 6 |  7- 9 || total
-------------------------+-------+-------+-------++-------
Melee: Club              |     8 |       |       ||     8
       Long sword        |    24 |   100 |   145 ||   269
       Dagger            |     4 |     3 |       ||     7
 Cast: Freeze            |    46 |    36 |    15 ||    97
       Throw Frost       |     7 |    18 |     9 ||    34
       Ozocubu's Armour  |     1 |     5 |    11 ||    17
  Use: Scroll            |     3 |     1 |       ||     4
       Potion            |     2 |       |     3 ||     5
 Stab: Sleeping          |     5 |     2 |     6 ||    13
  Eat: Chunk             |     6 |     8 |     1 ||    15
       Ration            |       |       |     2 ||     2
Armor: Robe              |    19 |    36 |    17 ||    72
Dodge: Dodged            |    38 |    88 |    69 ||   195
       Rpst.: Long sword |     6 |    24 |    21 ||    51
